 Dungeon Crawl Stone Soup version 0.30.1-9-gdf580d7c3d (webtiles) character file.

Game seed: 15030321036124312786

254380 ShellytheWitch the Slayer (level 20, -8/144 HPs)
             Began as a Kobold Brigand on Oct 7, 2023.
             Was the Champion of Dithmenos.
             Mangled by Tiwotrau the Head Instructor
             ... wielding a +1 antimagic triple sword
              (26 damage)
             ... in a wizard's laboratory on Oct 8, 2023.
             The game lasted 03:55:13 (50923 turns).

ShellytheWitch the Slayer (Kobold Brigand)         Turns: 50923, Time: 03:55:13

Health: -8/144     AC: 24    Str: 11    XL:     20   Next: 54%
Magic:  0/30       EV: 17    Int: 14    God:    Dithmenos [******]
Gold:   1048       SH: 12    Dex: 32    Spells: 19/19 levels left

rFire   . . .        b - +2 demon blade (drain)
rCold   . . .        K - +3 buckler {AC+3}
rNeg    . . .        n - +1 shadow dragon scales
rPois   .            P - +2 hat {Will+}
rElec   .            Q - +1 cloak {Stlth+}
rCorr   .            F - +2 pair of gloves
SInv    +            H - +1 pair of boots
Will    ++...        U - amulet of Cheibriados's Esteem {-Cast +Blink Regen+ Dex+5} Stlth *******+++
                     O - +6 ring of dexterity
HPRegen 1.24/turn    k - ring of see invisible
MPRegen 0.22/turn

%: no spellcasting
@: silenced, hasted, wreathed by umbra, studying 2 skills, very quick
A: small, no large weapons, nightstalker 3
}: 2/15 runes: serpentine, barnacled
a: Renounce Religion, Evoke Blink


You were in a wizard's laboratory.
You worshipped Dithmenos.
Dithmenos was exalted by your worship.
You visited 7 branches of the dungeon, and saw 30 of its levels.
You also visited: Sewer, Bailey, Gauntlet, Ice Cave and Wizlab.

You collected 3392 gold pieces.
You spent 2344 gold pieces at shops.

Inventory:

Hand Weapons
 a - the +7 Spriggan's Knife {stab, EV+4 Stlth+}
   (You acquired it on level 8 of the Dungeon)

   Stab:      It is more effective when stabbing unaware enemies, sometimes
   treating them as though they were completely helpless.
   EV:        It affects your evasion (+4).
   Stlth:     It makes you more stealthy.
 b - a +2 demon blade of draining (weapon)
 o - a +4 scimitar of venom
 W - a +4 scimitar of flaming
Missiles
 e - 6 curare-tipped darts
 s - 6 atropa-tipped darts
 v - 17 poisoned darts
 A - 3 datura-tipped darts
Armour
 c - a +2 kite shield of cold resistance
 g - +0 swamp dragon scales
 n - +1 shadow dragon scales (worn)
 F - a +2 pair of gloves (worn)
 H - a +1 pair of boots (worn)
 K - a +3 buckler of protection (worn)
 P - a +2 hat of willpower (worn)
 Q - a +1 cloak of stealth (worn)
Jewellery
 f - a +6 ring of dexterity
 j - a ring of protection from fire
 k - a ring of see invisible (right hand)
 m - a ring of ice
 p - a ring of flight
 w - a ring of protection from fire
 y - the ring "Fusid" {rN+ rCorr MP+9 Dex-4 Stlth+}
   (You found it on level 4 of the Lair of Beasts)

   [ring of magical power]

   Dex:       It affects your dexterity (-4).
   rN:        It protects you from negative energy.
   MP:        It affects your magic capacity (+9).
   rCorr:     It protects you from acid and corrosion.
   Stlth:     It makes you more stealthy.
 I - a ring of positive energy
 O - a +6 ring of dexterity (left hand)
 U - the amulet of Cheibriados's Esteem (around neck) {-Cast +Blink Regen+ Dex+5}
   (You found it on level 1 of the Snake Pit)

   [amulet of regeneration]

   Dex:       It affects your dexterity (+5).
   +Blink:    It lets you blink.
   -Cast:     It prevents spellcasting.
   Regen:     It increases your rate of health regeneration.
Wands
 i - a wand of charming (14)
 q - a wand of roots (25)
 z - a wand of flame (26) (quivered)
 C - a wand of mindburst (8)
 J - a wand of digging (13)
 M - a wand of polymorph (14)
 N - a wand of light (17)
Scrolls
 h - a scroll of silence
 l - a scroll of poison
 r - 4 scrolls of fear
 L - 6 scrolls of blinking
 X - 2 scrolls of fog
 Y - 6 scrolls of teleportation
Potions
 d - 3 potions of resistance
 t - 2 potions of invisibility
 u - 5 potions of mutation
 B - a potion of cancellation
 D - 6 potions of attraction
 E - 3 potions of haste
 G - 2 potions of curing
 T - 4 potions of might
Miscellaneous
 x - a box of beasts
 V - a phantom mirror
 Z - a lightning rod (4/4)


   Skills:
 * Level 21.1 Fighting
 - Level 14.0(17.7) Short Blades
 * Level 11.9(13.1) Long Blades
 - Level 2.1 Throwing
 - Level 1.0 Armour
 + Level 16.7 Dodging
 - Level 15.0 Stealth
 - Level 10.0 Shields
 + Level 14.1 Invocations
 + Level 10.4 Evocations


You had 19 spell levels left.
You didn't know any spells.
Your spell library contained the following spells:

 Spells                   Type           Power      Damage    Failure   Level
 Beastly Appendage        Tmut           0%         N/A       100%        1
 Foxfire                  Conj/Fire      0%         2x1d4     100%        1
 Magic Dart               Conj           0%         1d3       100%        1
 Blink                    Tloc           0%         N/A       100%        2
 Call Imp                 Summ           0%         N/A       100%        2
 Poisonous Vapours        Pois/Air       0%         N/A       100%        2
 Static Discharge         Conj/Air       0%         2-2/arc   100%        2
 Sublimation of Blood     Necr           0%         N/A       100%        2
 Wereblood                Tmut           0%         N/A       100%        2
 Hailstorm                Conj/Ice       0%         3d3       100%        3
 Ignite Poison            Fire/Tmut/Pois 0%         N/A       100%        3
 Mephitic Cloud           Conj/Pois/Air  0%         N/A       100%        3
 Portal Projectile        Hex/Tloc       0%         N/A       100%        3
 Summon Guardian Golem    Hex/Summ       0%         N/A       100%        3
 Tukima's Dance           Hex            0%         N/A       100%        3
 Vhi's Electric Charge    Tloc/Air       0%         N/A       100%        3
 Airstrike                Air            0%         2d(0-16)  100%        4
 Animate Dead             Necr           0%         N/A       100%        4
 Ice Form                 Ice/Tmut       0%         N/A       100%        4
 Manifold Assault         Tloc           0%         N/A       100%        4
 Passage of Golubria      Tloc           0%         N/A       100%        4
 Sticky Flame             Conj/Fire      0%         2d3       100%        4
 Summon Ice Beast         Ice/Summ       0%         N/A       100%        4
 Summon Lightning Spire   Summ/Air       0%         N/A       100%        4
 Arcjolt                  Conj/Air       0%         1d10      100%        5
 Blade Hands              Tmut           0%         N/A       100%        5
 Fireball                 Conj/Fire      0%         3d3       100%        5
 Freezing Cloud           Conj/Ice/Air   0%         6-21      100%        5
 Irradiate                Conj/Tmut      0%         3d11      100%        5
 Silence                  Hex/Air        0%         N/A       100%        5
 Summon Mana Viper        Hex/Summ       0%         N/A       100%        5
 Plasma Beam              Fire/Air       0%         2x1d11    100%        6
 Simulacrum               Ice/Necr       0%         N/A       100%        6
 Starburst                Conj/Fire      0%         6d3       100%        6
 Haunt                    Necr/Summ      0%         N/A       100%        7
 Malign Gateway           Summ/Tloc      0%         N/A       100%        7
 Monstrous Menagerie      Summ           0%         N/A       100%        7
 Orb of Destruction       Conj           0%         9d5       100%        7
 Ozocubu's Refrigeration  Ice            0%         4d7       100%        7
 Spellforged Servitor     Conj/Summ      0%         N/A       100%        7
 Storm Form               Tmut/Air       0%         N/A       100%        7
 Summon Hydra             Summ           0%         N/A       100%        7
 Ignition                 Fire           0%         3d3       100%        8
 Infestation              Necr           0%         N/A       100%        8
 Lehudib's Crystal Spear  Conj/Erth      0%         10d2      100%        8
 Maxwell's Capacitive Co  Air            0%         ∞         100%        8
 Polar Vortex             Ice            0%         N/A       100%        9


Dungeon Overview and Level Annotations

Branches:
Dungeon (15/15)            Temple (1/1) D:7            Lair (5/5) D:11
 Shoals (4/4) Lair:2        Snake (4/4) Lair:3        Slime (0/5) Lair:5
    Orc (2/2) D:9             Elf (0/3) Orc:2        Vaults (1/5) D:13
 Depths (0/4) D:15          Sewer (visited)          Bailey (visited)
  IceCv (visited)          WizLab (1/1)             Gauntlet (visited)

Altars:
Ashenzari
Dithmenos
Elyvilon
Fedhas
Gozag
Hepliaklqana
Kikubaaqudgha
Makhleb
Nemelex Xobeh
Qazlal
Ru
Sif Muna
Trog
Vehumet
Wu Jian
Xom
The Shining One
Jiyva

Shops:
Orc:1 **   Orc:2 *[*([   Shoals:4 [   Snake:3 :

Portals:
Bazaar: Vaults:1
Trove: D:15 (give +6 demon whip)


Innate Abilities, Weirdness & Mutations

You are small and have problems with some larger weapons.
You are completely attuned to the shadows.


Message History

The mana viper barely misses you.
You barely miss the ogre mage.
The ogre mage is moderately wounded.
Tiwotrau hits you but does no damage.
Tiwotrau hits you with a +1 antimagic triple sword!!!
You emit a cloud of dark smoke.
The mana viper bites you.
* * * LOW HITPOINT WARNING * * *
The mana viper barely misses you. The ogre mage casts a spell at you.
The bolt of magma hits you!
* * * LOW HITPOINT WARNING * * *
You blink.
You feel stable enough to blink again. You block Tiwotrau's attack.
Tiwotrau hits you but does no damage.
Tiwotrau points at you and mumbles some strange words.
You struggle to resist.
As you read the scroll of silence, it crumbles to dust.
A profound silence engulfs you. You block the mana viper's attack.
You block Tiwotrau's attack.
Tiwotrau hits you with a +1 antimagic triple sword.
* * * LOW HITPOINT WARNING * * *
You feel your power leaking away.
A salamander mystic comes into view.
It is wielding a +1 antimagic dire flail.
You feel much better.
Tiwotrau hits you with a +1 antimagic triple sword!!
* * * LOW HITPOINT WARNING * * *
Tiwotrau hits you but does no damage.
The mana viper bites you but does no damage.
You block Tiwotrau's attack.
Tiwotrau hits you with a +1 antimagic triple sword!
* * * LOW HITPOINT WARNING * * *
The mana viper closely misses you.
Okay, then.
Press: ? - help, v - describe, . - travel
Here: Tiwotrau the Head Instructor, wielding two +1 antimagic triple swords and wearing a +2 plate armour of willpower (silenced, lightly wounded, umbra)
The floor.
You feel yourself speed up. You block the mana viper's attack.
The mana viper barely misses you.
Tiwotrau hits you with a +1 antimagic triple sword!!
You die...

♣....⌠......##'§##.
♣♣..........§§S§§...
♣♣♣...#....§§§Sp.....
♣♣♣##...##♣§§♣##.....
#############...#..§p§§.#.....
)...............#.p§§§§..##...
..............##O..#..#........
..##.##.##...##S@#......#..#..♣
..#.....)#..##♣.@S.P~~P....♣..♣
................#SP~~~~P.#.....
..#8.##..#......#.~~~~~~.#....♣
).#..##.8#...♣....~~~~~~......♣
.............#..#.P~~~~P.#...♣♣
..#8....8#.......#.P~~P.#....♣
..##.##.##..♣#♣..............♣
............# #....#..#......♣
........)...# #....♣..♣.....##


You could see Tiwotrau the Head Instructor, an ogre mage (invisible, drained), 3
mana vipers and a wizard.

Vanquished Creatures
  A shard shrike (IceCv)
  Jorgrun (Shoals:1)
  Rupert (Lair:4)
  A quicksilver dragon (WizLab)
  Gastronok (Lair:1)
  A draconian knight (WizLab)
  13 nagarajas
  Ilsuiw (Shoals:4)
  The ghost of kamileon1 the Warrior, a journeyman OgGl of Okawaru (Lair:4)
  Aizul (Snake:4)
  A frost giant (Shoals:4)
  An ironbound preserver (D:13)
  An ironbound thunderhulk (Vaults:1)
  Nessos (D:14)
  The ghost of eliilek the Basher, a journeyman DsBe of Trog (Lair:5)
  A white draconian (IceCv)
  A minotaur (Gauntlet)
  Azrael (D:13)
  2 merfolk javelineers (Shoals:4)
  9 merfolk impalers
  2 rakshasas (D:15)
  5 salamander tyrants
  6 hydras
  3 entropy weavers (Lair:3)
  3 ghost crabs (Lair:3)
  4 boulder beetles
  6 centaur warriors
  4 ironbound frosthearts (IceCv)
  7 anacondas
  A merfolk avatar (Shoals:4)
  An ogre mage (D:10)
  An alligator snapping turtle (Shoals:1)
  3 satyrs
  4 catoblepae
  A death knight (D:14)
  A merfolk aquamancer (Shoals:4)
  12 naga warriors
  19 death yaks
  A dancing weapon (Lair:5)
  4 tengu warriors
  Urug (Lair:5)
  11 naga sharpshooters
  4 orc high priests (Orc:2)
  7 shock serpents
  2 hell knights (WizLab)
  2 skysharks (Shoals:2)
  3 skeletal warriors (D:15)
  11 salamander mystics
  A death drake (Gauntlet)
  6 fire crabs (Lair:3)
  10 sea snakes
  6 naga ritualists
  A glowing orange brain (D:15)
  A steelbarb worm (D:13)
  A wolf spider zombie (D:14)
  An orange crystal statue (IceCv)
  A wizard (Gauntlet)
  4 orc knights
  17 harpies
  A phantasmal warrior (D:14)
  18 mana vipers
  29 ugly things
  2 deep elf pyromancers
  19 manticores
  An orc sorcerer (Orc:2)
  11 fauns
  5 cyclopes
  A moth of wrath (Gauntlet)
  21 salamanders
  2 spectral centaurs (Gauntlet)
  3 centaur zombies
  8 merfolk sirens
  36 black mambas
  Maurice (Orc:1)
  17 naga magi
  8 elephants
  3 water nymphs
  2 ice statues (D:14)
  5 guardian serpents
  Maggie (D:9)
  An apocalypse crab (Lair:3)
  2 gargoyles (D:11)
  13 cane toads
  3 unseen horrors
  5 komodo dragons
  14 rime drakes
  2 kobold demonologists
  A tengu conjurer (D:13)
  3 freezing wraiths
  A minotaur zombie (Gauntlet)
  A queen bee (shapeshifter) (D:14)
  7 meliai
  4 trolls
  15 merfolk
  2 wind drakes (Shoals:4)
  26 polar bears
  2 queen bees
  A meliai zombie (D:14)
  16 blink frogs
  4 snapping turtles
  9 dream sheep
  9 slime creatures
  5 shadows
  4 water elementals
  Sigmund (D:2)
  2 wraiths
  49 yaks
  3 vampires
  A steam dragon (D:6)
  6 wyverns
  7 basilisks
  5 vampire mosquitoes
  4 redbacks (Gauntlet)
  5 fire elementals (D:13)
  A swamp worm (shapeshifter) (D:15)
  2 wargs (Orc:1)
  An acid dragon (D:11)
  56 nagas
  28 water moccasins
  2 hell hounds (D:13)
  An ice beast (D:6)
  29 orc warriors
  3 black bears (Lair:2)
  A black bear (shapeshifter) (D:13)
  2 sky beasts (D:7)
  2 ogres
  4 centaurs
  10 wolves
  3 kobold brigands
  21 bullfrogs
  3 gnoll sergeants
  2 scorpions
  8 wights
  54 killer bees
  2 electric eels
  3 howler monkeys (D:10)
  4 lava snakes (Lair:3)
  4 jellies (Lair:5)
  15 orc priests
  A hound (D:7)
  A sleepcap (D:6)
  A gnoll bouda (D:7)
  23 orc wizards
  Terence (D:2)
  3 iguanas
  A hell rat (Lair:2)
  The ghost of alwa the Gusty, a weakling DrAE (D:3)
  15 gnolls
  4 river rats
  15 adders
  2 shadow imps
  A white imp (Gauntlet)
  A worm (D:2)
  2 dart slugs (D:2)
  64 orcs
  11 endoplasms
  3 giant cockroaches
  9 goblins
  5 hobgoblins
  2 quokkas (D:1)
  11 ball pythons
  6 bats
  12 frilled lizards
  19 kobolds
  18 rats
  A spectral weapon (Snake:1)
1140 creatures vanquished.

Vanquished Creatures (collateral kills)
  A rime drake (IceCv)
1 creature vanquished.

Vanquished Creatures (others)
  A nagaraja (Snake:1)
  2 naga ritualists (Snake:1)
  An orc wizard (Orc:1)
  An adder (Lair:4)
5 creatures vanquished.

Grand Total: 1146 creatures vanquished

Notes
Turn   | Place    | Note
-------+----------+-------------------------------------------
     0 | D:1      | ShellytheWitch the Kobold Brigand began the quest for the
                  | Orb.
     0 | D:1      | Reached XP level 1. HP: 12/12 MP: 1/1
    66 | D:1      | Reached XP level 2. HP: 18/18 MP: 2/2
   281 | D:1      | Reached XP level 3. HP: 22/22 MP: 3/3
   822 | D:2      | Noticed Terence
   826 | D:2      | Killed Terence
   827 | D:2      | Reached skill level 3 in Fighting
   827 | D:2      | Reached XP level 4. HP: 28/28 MP: 4/4
   899 | D:2      | Noticed Sigmund
   933 | D:2      | Killed Sigmund
   934 | D:2      | Reached skill level 4 in Fighting
   934 | D:2      | Reached XP level 5. HP: 33/33 MP: 5/5
   934 | D:2      | Reached XP level 6. HP: 38/38 MP: 6/6
  1444 | D:2      | Reached skill level 5 in Short Blades
  2020 | D:3      | Found a faded altar of an unknown god.
  2121 | D:3      | Found a runed translucent gate.
  2122 | D:3      | Found a runed translucent gate.
  2123 | D:3      | Found a runed translucent gate.
  2181 | D:3      | Noticed alwa's ghost (weakling DrAE)
  2192 | D:3      | Killed alwa's ghost
  2484 | D:3      | Found a sparkling altar of Nemelex Xobeh.
  2487 | D:3      | You fall into a shaft and drop 3 floors!
  2546 | D:6      | Found a glowing drain.
  2561 | Sewer    | Entered a sewer
  2728 | Sewer    | Reached XP level 7. HP: 44/44 MP: 7/7
  3037 | D:6      | Identified the +9 ring mail "Vestrahah" {Str+3 Dex+3}
  3201 | D:6      | Reached skill level 5 in Fighting
  3401 | D:6      | Found a shimmering blue altar of Sif Muna.
  3494 | D:6      | Noticed a steam dragon
  3498 | D:6      | Killed a steam dragon
  3499 | D:6      | Reached skill level 1 in Armour
  3499 | D:6      | Reached XP level 8. HP: 51/51 MP: 8/8
  3793 | D:7      | Found a staircase to the Ecumenical Temple.
  3802 | Temple   | Entered the Ecumenical Temple
  3808 | Temple   | Reached skill level 1 in Evocations
  4005 | Temple   | Became a worshipper of Dithmenos the Shadowed
  4092 | D:7      | Reached skill level 6 in Fighting
  4885 | D:7      | Reached skill level 5 in Dodging
  4885 | D:7      | Reached XP level 9. HP: 42/56 MP: 6/9
  5049 | D:7      | Reached skill level 7 in Fighting
  5260 | D:7      | Noticed an unseen horror
  5262 | D:7      | Killed an unseen horror
  5502 | D:8      | Found a flagged portal.
  5507 | Bailey   | Entered a bailey
  5810 | Bailey   | Reached * piety under Dithmenos
  6021 | Bailey   | Reached skill level 8 in Fighting
  6162 | Bailey   | Reached XP level 10. HP: 64/64 MP: 10/10
  6215 | Bailey   | Noticed an orc knight
  6215 | Bailey   | Noticed an orc knight
  6265 | Bailey   | Killed an orc knight
  6266 | Bailey   | Reached skill level 10 in Short Blades
  6385 | Bailey   | Killed an orc knight
  6516 | D:7      | Reached skill level 5 in Evocations
  6673 | D:8      | Reached skill level 9 in Fighting
  7563 | D:8      | Acquired the +7 Spriggan's Knife {stab, EV+4 Stlth+}
  7563 | D:8      | Found the +7 Spriggan's Knife {stab, EV+4 Stlth+}
  7694 | D:9      | Noticed Maggie
  7698 | D:9      | Killed Maggie
  7699 | D:9      | Reached skill level 1 in Invocations
  7774 | D:9      | Reached ** piety under Dithmenos
  8186 | D:9      | Reached skill level 10 in Stealth
  8495 | D:9      | Found a staircase to the Orcish Mines.
  8558 | D:9      | Reached XP level 11. HP: 71/71 MP: 12/12
  8665 | D:9      | Reached *** piety under Dithmenos
  9028 | D:10     | Entered Level 10 of the Dungeon
  9133 | D:10     | Reached skill level 10 in Fighting
  9253 | D:10     | Noticed a catoblepas
  9281 | D:10     | Noticed an ogre mage
  9284 | D:10     | Identified the +4 ring mail "Ulihy" {SInv Stlth+}
  9695 | D:10     | Killed an ogre mage
  9907 | D:10     | Killed a catoblepas
 10170 | D:11     | Found a staircase to the Lair.
 10181 | Lair:1   | Entered Level 1 of the Lair of Beasts
 10199 | Lair:1   | Noticed Gastronok
 10218 | Lair:1   | Killed Gastronok
 10431 | Lair:1   | Acquired a +2 buckler of protection
 10772 | Lair:1   | Reached skill level 11 in Fighting
 10811 | Lair:1   | Reached XP level 12. HP: 74/80 MP: 13/15
 11406 | Lair:2   | Found a staircase to the Shoals.
 11502 | Lair:3   | Noticed a death yak
 11503 | Lair:3   | Noticed a death yak
 11503 | Lair:3   | Noticed a death yak
 11504 | Lair:3   | Noticed a death yak
 11505 | Lair:3   | Noticed a death yak
 11526 | Lair:3   | Noticed a death yak
 11530 | Lair:3   | Killed a death yak
 11531 | Lair:3   | Reached skill level 5 in Invocations
 11537 | Lair:3   | Killed a death yak
 11546 | Lair:3   | Killed a death yak
 11555 | Lair:3   | Killed a death yak
 11566 | Lair:3   | Killed a death yak
 11571 | Lair:3   | Killed a death yak
 11572 | Lair:3   | Reached skill level 12 in Fighting
 11757 | Lair:3   | Noticed a four-headed hydra
 11759 | Lair:3   | Noticed a seven-headed hydra
 11760 | Lair:3   | Killed a four-headed hydra
 11763 | Lair:3   | Killed a seven-headed hydra
 11763 | Lair:3   | Reached **** piety under Dithmenos
 11769 | Lair:3   | Found a staircase to the Snake Pit.
 11776 | Snake:1  | Entered Level 1 of the Snake Pit
 11776 | Snake:1  | Noticed a naga warrior
 11778 | Snake:1  | Killed a naga warrior
 11962 | Lair:3   | Reached XP level 13. HP: 87/87 MP: 17/17
 12049 | Lair:3   | Found a runed translucent door.
 12195 | Lair:3   | Reached skill level 10 in Dodging
 12379 | Lair:3   | Reached skill level 13 in Fighting
 12848 | Lair:3   | Reached skill level 1 in Shields
 12958 | Lair:3   | Noticed an entropy weaver
 12981 | Lair:3   | Killed an entropy weaver
 13020 | Lair:3   | HP: 4/88 [something (6)]
 13573 | Lair:3   | Noticed an entropy weaver
 13578 | Lair:3   | Killed an entropy weaver
 13579 | Lair:3   | Noticed a ghost crab
 13583 | Lair:3   | Killed a ghost crab
 13584 | Lair:3   | Noticed a ghost crab
 13588 | Lair:3   | Killed a ghost crab
 13589 | Lair:3   | Noticed an entropy weaver
 13593 | Lair:3   | Killed an entropy weaver
 13597 | Lair:3   | Noticed a ghost crab
 13613 | Lair:3   | Killed a ghost crab
 13688 | Lair:3   | Identified the +3 long sword "Qatoh" {freeze, rF- Will+
                  | Int-5 Dex+8}
 13849 | Lair:2   | Reached skill level 14 in Fighting
 14030 | Lair:2   | Reached ***** piety under Dithmenos
 14187 | Lair:2   | Reached XP level 14. HP: 71/96 MP: 19/19
 14389 | Lair:2   | You fall into a shaft and drop 2 floors!
 15696 | Lair:4   | Reached skill level 5 in Shields
 16102 | Lair:4   | Found a transporter.
 16428 | Lair:4   | Reached skill level 15 in Fighting
 16445 | Lair:4   | Found a transporter.
 16892 | Lair:4   | Noticed kamileon1's ghost (journeyman OgGl)
 17044 | Lair:5   | Entered Level 5 of the Lair of Beasts
 17066 | Lair:5   | Noticed Rupert
 17067 | Lair:5   | Paralysed by Rupert for 3 turns
 17396 | Lair:5   | Identified the amulet "Cizude" {Spirit Str+4}
 17745 | Lair:5   | Found a runed translucent door.
 17746 | Lair:5   | Found a shimmering altar of Xom.
 17746 | Lair:5   | Noticed eliilek's ghost (journeyman DsBe)
 17747 | Lair:5   | Identified the +7 great sword "Dooluch" {chaos, Fragile
                  | Will- Str+9 SInv}
 17956 | Lair:5   | Identified the +9 great sword of the Wilderness {drain, rF+
                  | rC+ rCorr}
 18060 | Lair:5   | Reached skill level 15 in Stealth
 18077 | Lair:5   | Reached ****** piety under Dithmenos
 18255 | Lair:5   | Found a viscous altar of Jiyva.
 18255 | Lair:5   | Found a staircase to the Slime Pits.
 18351 | Lair:5   | Reached XP level 15. HP: 103/103 MP: 21/21
 18359 | Lair:5   | Reached skill level 1 in Long Blades
 18504 | Lair:5   | Killed eliilek's ghost
 19104 | Lair:5   | Noticed Urug
 19122 | Lair:5   | Killed Urug
 19528 | Lair:5   | Reached skill level 16 in Fighting
 21802 | D:13     | Found a gate leading to a gauntlet.
 21814 | Gauntlet | Entered a Gauntlet
 21814 | Gauntlet | Found a transporter.
 21827 | Gauntlet | Found a transporter.
 21839 | Gauntlet | Found a transporter.
 21852 | Gauntlet | Found a transporter.
 21865 | Gauntlet | Found a transporter.
 21874 | Gauntlet | Found a transporter.
 22076 | Gauntlet | Found a transporter.
 22107 | Gauntlet | Found a transporter.
 22107 | Gauntlet | Identified the +1 arbalest of the Harvest {heavy, Stlth+}
 22135 | Gauntlet | Reached skill level 10 in Invocations
 22156 | Gauntlet | Found a transporter.
 22160 | Gauntlet | Found a transporter.
 22224 | Gauntlet | Found a transporter.
 22226 | Gauntlet | Found a transporter.
 22234 | Gauntlet | Found a transporter.
 22448 | Gauntlet | Identified the ring "Byezinil" {Str+3 Int+6}
 22450 | Gauntlet | Found a transporter.
 22939 | D:13     | Found a gate to the Vaults.
 22939 | D:13     | Noticed an ironbound preserver
 22945 | D:13     | Killed an ironbound preserver
 23185 | D:13     | Noticed Azrael
 23259 | D:13     | Killed Azrael
 23723 | D:13     | Reached XP level 16. HP: 85/111 MP: 18/23
 24085 | D:13     | Reached skill level 5 in Long Blades
 24096 | D:13     | Found an opulent altar of Gozag.
 24427 | Orc:1    | Entered Level 1 of the Orcish Mines
 24623 | Orc:1    | Found Nuzexol's Specific Store.
 24625 | Orc:1    | Found Ydyupn's General Store.
 24876 | Orc:2    | Entered Level 2 of the Orcish Mines
 25105 | Orc:2    | Found a staircase to the Elven Halls.
 25377 | Orc:1    | Noticed Maurice
 25381 | Orc:1    | Killed Maurice
 26666 | Orc:2    | Found Siog's Antique Armour Boutique.
 26680 | Orc:2    | Bought a shiny helmet for 240 gold pieces
 26961 | Orc:2    | Found Lamota's Assorted Antiques.
 26962 | Orc:2    | Found Rolon's Assorted Antiques.
 26963 | Orc:2    | Found Uto Arig's Antique Armour Emporium.
 26964 | Orc:2    | Found Nepu's Weapon Shoppe.
 27082 | Orc:2    | Bought a glowing cloak for 195 gold pieces
 27083 | Orc:2    | Bought a scroll of enchant armour for 142 gold pieces
 27086 | Orc:2    | Bought a heavily runed hat for 234 gold pieces
 27086 | Orc:2    | Identified the +2 hat "Luot" {+Inv rC- Int+6} (You bought
                  | it in a shop on level 2 of the Orcish Mines)
 27086 | Orc:2    | Bought a runed kite shield for 195 gold pieces
 27154 | Orc:1    | Bought a scroll of enchant armour for 120 gold pieces
 27316 | D:14     | Reached skill level 17 in Fighting
 27325 | D:14     | Noticed Nessos
 27862 | D:14     | Found a frozen archway.
 27877 | IceCv    | Entered an ice cave
 28591 | IceCv    | Noticed a shard shrike
 29286 | IceCv    | Killed a shard shrike
 29395 | IceCv    | Identified the staff of earth "Hyxawil" {rElec rN+ Will+
                  | Str-4}
 29850 | IceCv    | Reached XP level 17. HP: 119/119 MP: 25/25
 30506 | D:14     | Reached skill level 10 in Shields
 30836 | D:14     | Killed Nessos
 31627 | D:15     | Entered Level 15 of the Dungeon
 31632 | D:15     | Reached skill level 18 in Fighting
 32557 | D:15     | Found a portal to a secret trove of treasure.
 33339 | D:15     | Found a staircase to the Depths.
 33532 | Shoals:1 | Entered Level 1 of the Shoals
 34877 | Shoals:1 | Found a transporter.
 34878 | Shoals:1 | Found a transporter.
 34891 | Shoals:1 | Found a transporter.
 34891 | Shoals:1 | Found a transporter.
 34894 | Shoals:1 | Found a transporter.
 34894 | Shoals:1 | Found a transporter.
 34950 | Shoals:1 | Noticed Jorgrun
 34954 | Shoals:1 | Killed Jorgrun
 37212 | Shoals:3 | Reached XP level 18. HP: 126/126 MP: 27/27
 38443 | Shoals:4 | Entered Level 4 of the Shoals
 38822 | Shoals:4 | Reached skill level 15 in Dodging
 38828 | Shoals:4 | Reached skill level 19 in Fighting
 38965 | Shoals:4 | Noticed Ilsuiw
 39622 | Shoals:4 | Found Tishpak's Dragon-Slaying Spoils.
 39628 | Shoals:4 | Bought +1 shadow dragon scales for 1218 gold pieces
 41008 | Shoals:4 | Got a barnacled rune of Zot
 41033 | Shoals:4 | Killed Ilsuiw
 41471 | Snake:1  | Found a shimmering altar of Xom.
 42085 | Snake:1  | Found a transporter.
 43099 | Snake:1  | Reached skill level 10 in Long Blades
 43468 | Snake:1  | Identified the +5 sling of the Floral God {freeze, rF-
                  | rCorr Str+3}
 43528 | Snake:1  | Found a radiant altar of Vehumet.
 43642 | Snake:1  | Found a transporter.
 44294 | Lair:4   | Reached XP level 19. HP: 74/90 MP: 22/28
 44328 | Lair:4   | Killed kamileon1's ghost
 44613 | Lair:4   | Identified the ring "Fusid" {rN+ rCorr MP+9 Dex-4 Stlth+}
 44676 | Lair:4   | Killed Rupert
 45383 | Snake:1  | Reached skill level 20 in Fighting
 45492 | Snake:1  | Identified the amulet of Cheibriados's Esteem {-Cast +Blink
                  | Regen+ Dex+5}
 45506 | Snake:1  | Got Sif Muna's Handbook of Assistive Reformation
 48543 | Snake:3  | Found Kibb's Tremendous Tomes.
 48581 | Snake:4  | Entered Level 4 of the Snake Pit
 48588 | Snake:4  | Noticed Aizul
 48592 | Snake:4  | Killed Aizul
 48708 | Snake:4  | Reached XP level 20. HP: 142/142 MP: 30/30
 49382 | Snake:4  | Reached skill level 10 in Evocations
 50333 | Snake:4  | Got a serpentine rune of Zot
 50582 | Vaults:1 | Entered Level 1 of the Vaults
 50657 | Vaults:1 | Found a gateway to a bazaar.
 50661 | Vaults:1 | Reached skill level 21 in Fighting
 50751 | Vaults:1 | Found a magical portal.
 50757 | WizLab   | Entered Yara's Duelist Academy
 50902 | WizLab   | Noticed Tiwotrau
 50923 | WizLab   | Mangled by Tiwotrau the Head Instructor

Illustrated notes

Levels and vault maps discovered:
D:1:      co_arrival_hexagon_in_a_hexagon, layout_rooms, serial_glass,
          glass_columns_b, glass_columns_a
D:2:      layout_basic, kennysheep_pointless_box,
          nicolae_concentric_dashed_squares_mild, patterned_corridor,
          uniq_terence, uniq_sigmund
D:3:      layout_basic, mainiacjoe_overflow_tiny_flanked, gammafunk_ghost_split,
          hellmonk_ecumenical_altar_run_dry
D:6:      layout_loops_ring, nicolae_sif_muna_little_library,
          cheibrodos_sewer_entry_sluice
D:7:      layout_basic, minmay_temple_entry_statues_fountains
D:8:      layout_loops_ring, enter_bailey_3, minmay_misc_feat_tower
D:9:      layout_irregular_city, hiddenorc1_lemuel, uniq_maggie
D:10:     layout_gridville, minmay_fractal_squares_gapless_7
D:11:     layout_small_grid, dpeg_oklobed_lair, grunt_ogre_cave
D:12:     layout_stronghold
D:13:     layout_loops_ring, skrybe_vaults_entry_preservation,
          gauntlet_entry_generic, grunt_gozag_breadcrumbs, uniq_azrael
D:14:     layout_layer_cave, portal_ice_cave_entry_ice_statue_two,
          serial_undead, serial_undead_c, serial_undead_f, serial_undead_b,
          serial_undead_d, uniq_nessos
D:15:     gammafunk_enter_depths_forms, layout_basic, enter_trove_2
Temple:   regret_index_temple_generic_petals
Lair:1:   layout_hall_layers, pdpol_lair_neglected_garden, uniq_gastronok
Lair:2:   regret_index_combs_of_tragedy, layout_cellular_growth,
          nicolae_shoals_entry_roost, gammafunk_lair_bear_cave
Lair:3:   gammafunk_mikee_crab_dinner, layout_loops_ring,
          nicolae_snake_entry_warm_welcome, lightli_volcano_entry_magma_tube,
          grunt_megastairs_5
Lair:4:   lemuel_reptile_caves, layout_regular_city, nzn_ghost_randoct
Lair:5:   evilmike_catoblepas_cave, layout_cave_pods,
          minmay_slime_entry_pillars, ebering_ghost_xom, uniq_rupert, uniq_urug
Shoals:1: layout_shoals, serial_nicolae_subway, nicolae_sub_station_metal,
          nicolae_sub_station_crystal, nicolae_sub_station_stone, uniq_jorgrun
Shoals:2: layout_shoals
Shoals:3: layout_shoals
Shoals:4: shoals_end_grunt_ice, layout_shoals, shoal_ilsuiw,
          nicolae_shop_dragon_depot
Snake:1:  gammafunk_sealed_library, layout_cave_shapes, basic_altar
Snake:2:  layout_layer_cave
Snake:3:  nicolae_snake_crotalidae_crossing, layout_grid_shapes,
          nicolae_shop_i_like_big_books, drop_trap, nicolae_snake_flat_spine
Snake:4:  grunt_snake_rune_pools, layout_cave_town, serial_bayou_crossing,
          uniq_aizul
Orc:1:    layout_caves, basic_altar, nicolae_specific_store, uniq_maurice
Orc:2:    st_orc_mages, layout_diamond_mine, basic_altar, serial_shops, shop
Vaults:1: mu_enter_wizlab_4, v_misc_4, vaults_dpeg_hooks, v_misc_30,
          nicolae_vaults_offset_grid_hallway_4, nicolae_vaults_octothorpe,
          hangedman_vaults_hat, nicolae_vaults_heart-shaped_vault,
          st_spiral_rooms, nicolae_vaults_little_squares_5,
          layout_vaults_quadrants, serial_shops, bzr_entry_gold
WizLab:   wizlab_yara

Skill      XL: |  1  2  3  4  5  6  7  8  9 10 11 12 13 14 15 16 17 18 19 20 |
---------------+-------------------------------------------------------------+-----
Short Blades   | 3 4 5 6 7 9 11 13 14 | 14.0
Dodging        | 2 3 4 5 6 7 8 9 11 12 13 14 15 16 | 16.7
Fighting       | 3 4 5 6 8 9 11 12 14 15 16 17 18 19 20 21 | 21.1
Stealth        | 6 7 8 10 11 12 13 15 | 15.0
Armour         | 1 |  1.0
Evocations     | 2 4 5 6 8 9 10 | 10.4
Invocations    | 2 4 6 7 9 10 11 12 13 14 | 14.1
Shields        | 4 6 8 9 10 | 10.0
Long Blades    | 4 6 8 10 11 | 11.9
Throwing       | |  2.1

Action                     |  1- 3 |  4- 6 |  7- 9 | 10-12 | 13-15 | 16-18 | 19-21 || total
---------------------------+-------+-------+-------+-------+-------+-------+-------++-------
  Melee: Dagger            |    54 |    70 |       |       |       |       |       ||   124
         Punch             |     1 |     1 |     3 |     2 |     1 |       |       ||     8
         Short sword       |       |    51 |   288 |   132 |       |       |       ||   471
         Long sword        |       |       |     6 |     3 |       |       |       ||     9
         Scimitar          |       |       |       |   231 |   503 |   359 |       ||  1093
         Knife             |       |       |       |    83 |   827 |   932 |   133 ||  1975
         Demon blade       |       |       |       |       |       |   195 |   455 ||   650
  Throw: Dart              |     5 |     9 |    17 |    21 |     8 |    46 |     8 ||   114
 Invoke: Shadow Step       |       |       |       |       |       |     3 |       ||     3
         Shadow Form       |       |       |       |       |       |     2 |     1 ||     3
Ability: Evoke Blink       |       |       |       |       |       |       |     2 ||     2
  Evoke: Wand              |       |       |       |       |    14 |    20 |    31 ||    65
         Phantom mirror    |       |       |       |       |     1 |       |       ||     1
    Use: Scroll            |     4 |     8 |     6 |     9 |     9 |     9 |     2 ||    47
         Potion            |       |       |       |     9 |    14 |     7 |     2 ||    32
   Stab: Sleeping          |     9 |    31 |    17 |    46 |   100 |   139 |    85 ||   427
         Distracted        |       |     2 |     1 |    10 |    24 |    58 |    16 ||   111
         Invisible         |       |       |       |       |     6 |    11 |       ||    17
 Armour: Robe              |     9 |     2 |       |       |       |       |       ||    11
         Leather armour    |       |    10 |       |       |       |       |       ||    10
         Ring mail         |       |       |    60 |   116 |   263 |   167 |       ||   606
         Swamp dragon scal |       |       |       |       |       |    28 |    51 ||    79
         Shadow dragon sca |       |       |       |       |       |    22 |     8 ||    30
  Dodge: Dodged            |    28 |    65 |   174 |   440 |  1136 |  1179 |   426 ||  3448
  Block: Buckler           |       |       |       |       |   544 |   607 |   320 ||  1471
         Kite shield       |       |       |       |       |       |   189 |       ||   189
